 Dungeon Crawl Stone Soup version 0.25-a0-420-g1cc7eeb0d1 (webtiles) character file.

Game seed: 16208213075659227729, levelgen mode: deterministic

263 Gargoyl the Skirmisher (level 5, 0/46 HPs)
             Began as a Centaur Abyssal Knight on Jan 18, 2020.
             Was a Follower of Lugonu.
             Succumbed to an adder's poison
             ... on level 4 of the Dungeon.
             The game lasted 00:04:28 (4329 turns).

Gargoyl the Skirmisher (Centaur Abyssal Knight)     Turns: 4329, Time: 00:04:29

Health: 0/46       AC:  9    Str: 15    XL:     5   Next: 97%
Magic:  7/7        EV:  8    Int: 11    God:    Lugonu [*.....]
Gold:   158        SH:  3    Dex:  9    Spells: 4/4 levels left

rFire    . . .     SeeInvis .   a - +1 hand axe
rCold    . . .     Gourm    .   (no shield)
rNeg     + . .     Faith    .   l - +0 ring mail
rPois    .         Spirit   .   d - +1 helmet
rElec    .         Reflect  +   p - +0 cloak
rCorr    .         Harm     .   (no gloves)
MR       .....                  (no barding)
Stlth    ..........             g - +3 amulet of reflection
HPRegen  0.15/turn              i - ring of positive energy
MPRegen  0.10/turn              (no ring)

@: lethally poisoned (0 -> -3), about to teleport, very quick
A: large, hooves 3, deformed body, speed 2, tough skin 3
a: Depart the Abyss, Renounce Religion


You were on level 4 of the Dungeon.
You worshipped Lugonu.
Lugonu was aware of your devotion.
You were hungry.

You visited 1 branch of the dungeon, and saw 4 of its levels.
You visited the Abyss 1 time.

You collected 158 gold pieces.

Inventory:

Hand Weapons
 a - a +1 hand axe (weapon)
Missiles
 e - 16 boomerangs (quivered)
Armour
 d - a +1 helmet (worn)
 l - a +0 ring mail (worn)
 p - a +0 cloak (worn)
Jewellery
 g - a +3 amulet of reflection (around neck)
 i - a ring of positive energy (left hand)
Scrolls
 f - a scroll of identify
 h - 2 scrolls of remove curse
 n - a scroll of teleportation
 o - a scroll of blinking {unknown}
Potions
 b - a potion of curing {unknown}
 j - a potion of ambrosia {unknown}
 k - 2 potions of berserk rage {unknown}
 m - a potion of brilliance {unknown}
 q - a potion of agility {unknown}
 r - a potion of might {unknown}
 s - a potion of mutation {unknown}
Comestibles
 c - 9 rations


   Skills:
 + Level 3.8 Fighting
 + Level 3.1 Axes
 * Level 2.8 Armour
 * Level 1.7 Dodging
 * Level 3.1 Invocations


You had 4 spell levels left.
You didn't know any spells.
Your spell library was empty.

Dungeon Overview and Level Annotations

Branches:
Dungeon (4/15)
 Temple: D:4-7

Altars:
Qazlal
Wu Jian

Shops:
D:4 }

Annotations:
D:3 2 transporters, zeli25's ghost, amateur DEWz


Innate Abilities, Weirdness & Mutations

You have hooves in place of feet.
Armour fits poorly on your strangely shaped body.
You cover ground very quickly.
You have extremely tough skin. (AC +3)


Message History

The orc wizard flickers and vanishes!
Deactivating autopickup; reactivate with Ctrl-A.
You block the orc's attack.
You miss the adder. Your kick misses the adder. You hit the ogre.
You hit the orc. The adder bites you.
You are poisoned.
The adder poisons you! The ogre misses you.
The adder bites you but does no damage. The orc closely misses you.
Unknown command.
You feel sick.
The orc priest calls down the wrath of Beogh upon you.
Beogh smites you!
* * * LOW HITPOINT WARNING * * *
You hear a shout!
* * * LOW HITPOINT WARNING * * *
You feel sick.
Okay, then.
As you read the scroll of teleportation, it crumbles to dust.
You feel strangely unstable.
You die...

#. #.# ...## #.... .[..
##.#o.# #######
.<..>oo#####.)...#
.....oSo..O.@....# ###.
######.#.o##.....###..<.
#................#
######...........#
#.#.....#####
#.......###
...(....#..#....##
#########..##....#
#...####..#


You could see an ogre, an orc wizard, an adder and 4 orcs.

Vanquished Creatures
  A hound (D:4)
  Crazy Yiuf (D:2)
  Terence (D:3)
  A worker ant (D:4)
  4 gnolls (D:4)
  4 adders
  An ooze (D:1)
  A worm (D:2)
  A dart slug (D:1)
  5 leopard geckos
  10 orcs
  3 giant cockroaches
  2 hobgoblins
  6 kobolds
  4 bats
  4 frilled lizards
  7 goblins
  A quokka skeleton (D:4)
  8 rats
65 creatures vanquished.

Notes
Turn   | Place    | Note
-------+----------+-------------------------------------------
     0 | Abyss:1  | Gargoyl the Centaur Abyssal Knight began the quest for the
                  | Orb.
     0 | Abyss:1  | Reached XP level 1. HP: 19/19 MP: 2/2
    44 | Abyss:1  | Noticed a large abomination
    94 | Abyss:1  | Noticed a phantasmal warrior
    95 | Abyss:1  | Noticed a rakshasa
   117 | Abyss:1  | Noticed a small abomination
   118 | Abyss:1  | Noticed a wretched star
   122 | D:1      | Escaped the Abyss
   546 | D:1      | Reached * piety under Lugonu
   612 | D:1      | Reached XP level 2. HP: 25/26 MP: 3/3
   625 | D:1      | Reached skill level 1 in Dodging
  1210 | D:2      | Reached XP level 3. HP: 12/31 MP: 4/4
  1805 | D:2      | Found a runed translucent door.
  1806 | D:2      | Noticed Crazy Yiuf
  2295 | D:2      | Killed Crazy Yiuf
  2295 | D:2      | Reached XP level 4. HP: 27/38 MP: 5/5
  2684 | D:3      | Found a transporter.
  2782 | D:3      | Noticed zeli25's ghost (amateur DEWz)
  2785 | D:3      | Found a transporter.
  3218 | D:3      | Reached ** piety under Lugonu
  3312 | D:3      | Found an ornate altar of the Wu Jian Council.
  3355 | D:3      | Noticed Terence
  3375 | D:3      | Killed Terence
  3375 | D:3      | Reached XP level 5. HP: 18/46 MP: 7/7
  3726 | D:4      | Found a stormy altar of Qazlal.
  4028 | D:4      | Found Eno Seiro's Gadget Boutique.
  4319 | D:4      | Noticed an ogre
  4324 | D:4      | HP: 2/46 [orc priest/divine providence (14)]
  4329 | D:4      | Succumbed to an adder's poison

Levels and vault maps discovered:
D:1:      dpeg_arrival_houses_and_road, layout_loops_cross, minmay_vboxes
D:2:      layout_loops_corners, first_ration, uniq_crazy_yiuf_cottage
D:3:      layout_basic, nicolae_overflow_crystal_walls, gammafunk_ghost_arena,
          uniq_terence
D:4:      layout_rooms, overflow_temple_1_default, kennysheep_mini_moat,
          serial_shops, shop

Skill      XL: |  1  2  3  4  5 |
---------------+----------------+-----
Dodging        | 1 |  1.7
Axes           | 2 3 |  3.1
Armour         | 2 |  2.8
Invocations    | 3 |  3.1
Fighting       | |  3.8

Action                   |  1- 3 |  4- 6 || total
-------------------------+-------+-------++-------
Melee: Hand axe          |    80 |   151 ||   231
       Kick              |    17 |    25 ||    42
Invok: Depart the Abyss  |     1 |       ||     1
  Use: Scroll            |     5 |     1 ||     6
  Eat: Chunk             |     3 |     5 ||     8
Armor: Leather armour    |    16 |       ||    16
       Ring mail         |    33 |    70 ||   103
Dodge: Dodged            |    43 |    71 ||   114
Block: Other             |     4 |    20 ||    24
       Reflection        |       |     1 ||     1

Table legend:
 A = Non-vault XP
 B = Vault XP
 C = Vault XP percentage of total XP
 D = Non-vault monster count
 E = Vault monster count
 F = Vault count percentage of total count
                 A         B        C        D         E       F
            +---------+---------+-------+---------+---------+-------
      Total |     283 |      93 |  24.7 |      55 |      10 |  15.4
            +---------+---------+-------+---------+---------+-------
        D:1 |      21 |      16 |  43.2 |      11 |       8 |  42.1
        D:2 |      29 |      41 |  58.6 |       9 |       1 |  10.0
        D:3 |      74 |      36 |  32.7 |      23 |       1 |   4.2
        D:4 |     159 |       0 |   0.0 |      12 |       0 |   0.0
            +---------+---------+-------+---------+---------+-------
